 Dungeon Crawl Stone Soup version 0.29-a0-721-g7f417c9bbb (webtiles) character file.

Game seed: 4496320033607748797

106494 garrulousMonolith the Protected (level 16, -9/112 HPs)
             Began as a Gargoyle Earth Elementalist on June 27, 2022.
             Was an Elder of Ashenzari.
             Mangled by Agnes
             ... wielding a +0 lajatang
              (10 damage)
             ... on level 1 of the Spider Nest.
             The game lasted 01:05:15 (38431 turns).

garrulousMonolith the Protected (GrEE)             Turns: 38431, Time: 01:05:15

Health: -9/112     AC: 30    Str: 19    XL:     16   Next: 44%
Magic:  23/35      EV: 13    Int: 29    God:    Ashenzari [****..]
Gold:   1907       SH:  8    Dex: 10    Spells: 8/45 levels left

rFire   + . .      SeeInvis +   S - +5 war axe "Sisyn" {venom, rElec Str+6}
rCold   . . .      Faith    .   c - +0 buckler
rNeg    + . .      Spirit   .   K - +3 ring mail "Share My Repose" {rF+, Self, Melee} (curse)
rPois   ∞          Reflect  +   M - +2 hat of Ashenzari's Malaise {Will+, Range, Elem} (curse)
rElec   +          Harm     .   L - scarf "Anxiety of Ashenzari" {+Inv, Elem, Self} (curse)
rCorr   .          Rampage  .   h - +2 pair of gloves of the Ensconced Paranoia {Elem, Melee} (curse)
Will    ++...      Clarity  +   j - +0 pair of boots of Supernal Wisdom {Self, Alch} (curse)
Stlth   +.........              G - amulet of reflection
HPRegen 0.28/turn               V - ring of the All-seeing Sky {Int+6, Range, Elem} (curse)
MPRegen 0.24/turn               B - ring of the Eye in the Sky {Wiz, Alch, Bglg} (curse)

@: flying
A: sickness immunity, AC +12, big wings, negative energy resistance 1,
electricity resistance, torment resistance 1, petrification resistance
a: Renounce Religion, Evoke Invisibility, Curse Item, Shatter the Chains


You were on level 1 of the Spider Nest.
You worshipped Ashenzari.
Ashenzari was greatly pleased with you.
You visited 4 branches of the dungeon, and saw 24 of its levels.
You also visited: Sewer and Bailey.

You collected 4568 gold pieces.
You spent 2661 gold pieces at shops.

Inventory:

Hand Weapons
 P - the +7 lajatang of Order {silver, rMut}
   (You bought it in a shop on level 2 of the Orcish Mines)

   It inflicts extra damage upon those it strikes, and deals substantially
   increased damage to chaotic, mutated and magically transformed beings.
   rMut:      It protects you from mutation.
 S - the +5 war axe "Sisyn" (weapon) {venom, rElec Str+6}
   (You took it off a kobold demonologist on level 9 of the Dungeon)

   It poisons the flesh of those it strikes.
   Str:       It affects your strength (+6).
   rElec:     It insulates you from electricity.
 T - a +1 broad axe of electrocution
 Y - the +7 demon whip of Disintegration {flame, Int+2}
   (You found it on level 11 of the Dungeon)

   It burns those it strikes, dealing additional fire damage.
   Int:       It affects your intelligence (+2).
Missiles
 o - 8 curare-tipped darts
 D - a throwing net
Armour
 c - a +0 buckler (worn)
 h - the cursed +2 pair of gloves of the Ensconced Paranoia (worn) {Elem, Melee}
   (You found it on level 1 of the Dungeon)

   It has a curse which improves the following skills: Elements: Fire Magic, Ice
   Magic, Air Magic and Earth Magic.
   Melee Combat: Short Blades, Long Blades, Axes, Maces & Flails, Polearms,
   Staves and Unarmed Combat.
 j - the cursed +0 pair of boots of Supernal Wisdom (worn) {Self, Alch}
   (You found it on level 2 of the Dungeon)

   It has a curse which improves the following skills: Introspection: Fighting
   and Spellcasting.
   Alchemy:   Poison Magic and Transmutations.
 K - the cursed +3 ring mail "Share My Repose" (worn) {rF+, Self, Melee}
   (You bought it in a shop on level 2 of the Orcish Mines)

   It has a curse which improves the following skills: Introspection: Fighting
   and Spellcasting.
   Melee Combat: Short Blades, Long Blades, Axes, Maces & Flails, Polearms,
   Staves and Unarmed Combat.
 L - the cursed scarf "Anxiety of Ashenzari" (worn) {+Inv, Elem, Self}
   (You found it on level 7 of the Dungeon)

   It has a curse which improves the following skills: Elements: Fire Magic, Ice
   Magic, Air Magic and Earth Magic.
   Introspection: Fighting and Spellcasting.
 M - the cursed +2 hat of Ashenzari's Malaise (worn) {Will+, Range, Elem}
   (You took it off Gastronok on level 2 of the Lair of Beasts)

   It has a curse which improves the following skills: Ranged Combat: Ranged
   Weapons and Throwing.
   Elements:  Fire Magic, Ice Magic, Air Magic and Earth Magic.
 X - +0 fire dragon scales
Jewellery
 q - an amulet of magic regeneration
 s - a ring of magical power
 y - a ring of protection from cold
 B - the cursed ring of the Eye in the Sky (right hand) {Wiz, Alch, Bglg}
   (You bought it in a shop on level 5 of the Dungeon)

   [ring of wizardry]

   It improves your spell success rate.
   It has a curse which improves the following skills: Alchemy: Poison Magic and
   Transmutations.
   Beguiling: Conjurations, Hexes and Translocations.
 F - a +4 ring of evasion
 G - an amulet of reflection (around neck)
 I - a +6 ring of intelligence
 R - a +4 ring of protection
 V - the cursed ring of the All-seeing Sky (left hand) {Int+6, Range, Elem}
   (You found it on level 1 of the Lair of Beasts)

   [ring of intelligence]

   Int:       It affects your intelligence (+6).
   It has a curse which improves the following skills: Ranged Combat: Ranged
   Weapons and Throwing.
   Elements:  Fire Magic, Ice Magic, Air Magic and Earth Magic.
Wands
 d - a wand of flame (22)
 e - a wand of mindburst (14)
 l - a wand of quicksilver (10)
 O - a wand of paralysis (11)
 Z - a wand of iceblast (16)
Scrolls
 g - 4 scrolls of vulnerability
 i - a scroll of enchant armour
 m - 11 scrolls of teleportation
 n - 3 scrolls of poison
 v - a scroll of silence
 x - 3 scrolls of magic mapping
 A - 2 scrolls of fear
 E - 2 scrolls of amnesia
 H - 8 scrolls of enchant weapon
 J - a scroll of summoning
 W - 15 scrolls of identify
Potions
 a - 5 potions of might
 b - 3 potions of magic
 k - 9 potions of invisibility
 p - 3 potions of cancellation
 r - 8 potions of mutation
 u - 5 potions of brilliance
 w - 4 potions of resistance
 z - a potion of berserk rage
 Q - a potion of ambrosia
 U - a potion of haste
Miscellaneous
 t - a box of beasts


   Skills:
 + Level 13.1(17.0) Fighting
 * Level 4.8(7.6) Staves
 + Level 13.2 Armour
 + Level 10.4 Dodging
 - Level 2.1 Stealth
 + Level 1.6 Shields
 + Level 11.4(15.2) Spellcasting
 - Level 10.0(11.9) Conjurations
 - Level 3.2(5.0) Hexes
 - Level 5.0 Summonings
 - Level 1.0(2.6) Transmutations
 - Level 6.7(11.4) Ice Magic
 - Level 12.0(16.7) Earth Magic


You had 8 spell levels left.
You knew the following spells:

 Your Spells              Type           Power      Damage    Failure   Level
a - Sandblast             Erth           100%       2d20      0%          1
b - Stone Arrow           Conj/Erth      100%       3d13      1%          3
c - Passwall              Tmut/Erth      55%        N/A       1%          2
d - Lee's Rapid Deconstr  Erth           43%        3d22*     1%          5
e - Flame Wave            Conj/Fire      56%        2d11      1%          4
f - Hailstorm             Conj/Ice       74%        3d15      1%          4
g - Petrify               Tmut/Erth      67%        N/A       1%          4
h - Freezing Cloud        Conj/Ice/Air   31%        6-21      1%          5
i - Summon Mana Viper     Hex/Summ       50%        N/A       6%          5
j - Summon Lightning Spi  Summ/Air       38%        N/A       5%          4

Your spell library contained the following spells:

 Spells                   Type           Power      Damage    Failure   Level
 Apportation              Tloc           46%        N/A       1%          1
 Foxfire                  Conj/Fire      100%       2x1d9     1%          1
 Freeze                   Ice            100%       1d11      1%          1
 Necrotize                Necr           88%        1d8       1%          1
 Summon Small Mammal      Summ           100%       N/A       1%          1
 Static Discharge         Conj/Air       56%        N/A       1%          2
 Confusing Touch          Hex            50%        N/A       1%          3
 Conjure Flame            Conj/Fire      56%        6-21      1%          3
 Frozen Ramparts          Ice            100%       1d12      1%          3
 Inner Flame              Hex/Fire       38%        N/A       1%          3
 Mephitic Cloud           Conj/Pois/Air  47%        N/A       1%          3
 Ozocubu's Armour         Ice            73%        N/A       1%          3
 Leda's Liquefaction      Hex/Erth       35%        N/A       1%          4
 Poisonous Vapours        Pois/Air       50%        N/A       2%          2
 Ignite Poison            Fire/Tmut/Pois 29%        N/A       3%          3
 Lightning Bolt           Conj/Air       28%        1d44      3%          5
 Yara's Violent Unravell  Hex/Tmut       22%        3d10      11%         5
 Ozocubu's Refrigeration  Ice            36%        4d12      14%         7
 Corpse Rot               Necr/Pois/Air  24%        N/A       16%         4
 Summon Forest            Summ/Tloc      18%        N/A       16%         5
 Summon Cactus Giant      Summ           25%        N/A       32%         6
 Enfeeble                 Hex            25%        N/A       86%         7
 Malign Gateway           Summ/Tloc      18%        N/A       99%         7
 Storm Form               Tmut/Air       15%        N/A       99%         7
 Maxwell's Capacitive Co  Air            13%        ∞         100%        8
 Summon Horrible Things   Summ           25%        N/A       100%        8
 Statue Form              Tmut/Erth      Unusable   N/A       N/A         6

Dungeon Overview and Level Annotations

Branches:
Dungeon (15/15)            Temple (0/1) D:7            Lair (6/6) D:9
  Swamp (0/4) Lair:2       Spider (1/4) Lair:3        Slime (0/5) Lair:6
    Orc (2/2) D:12            Elf (0/3) Orc:2        Vaults (0/5) D:13
 Depths (0/4) D:15          Sewer (visited)          Bailey (visited)

Altars:
Ashenzari
Cheibriados
Fedhas
Gozag
Kikubaaqudgha
Nemelex Xobeh
Okawaru
Trog
Uskayaw
Wu Jian
Zin
The Shining One

Shops:
D:5 [=![   D:12 [   D:13 (   Orc:1 [   Orc:2 (([[

Portals:
Trove: D:13 (give 2 scrolls of acquirement)

Annotations:
Spider:1 Agnes, Mlioglotl


Innate Abilities, Weirdness & Mutations

You are immune to sickness and miasma.
Your stone body is resilient. (AC +12)
You are immune to poison.
Your large and strong wings let you fly.
You resist negative energy. (rN+)
You are resistant to electric shocks. (rElec)
You are resistant to unholy torment.
You are immune to petrification.


Message History

* * * LOW HITPOINT WARNING * * *
You are shoved backwards!
As you read the scroll of teleportation, it crumbles to dust.
You feel strangely unstable.
Mlioglotl churns violently!
Mlioglotl corrupts the dungeon around him!
Mlioglotl hits you.
* * * LOW HITPOINT WARNING * * *
Mlioglotl tramples you but does no damage.
Mlioglotl churns violently!
Mlioglotl corrupts the dungeon around him!
Mlioglotl churns violently!
Mlioglotl corrupts the dungeon around him!
Your surroundings suddenly seem different.
Agnes the Wanderer comes into view.
She is wielding a +0 lajatang and wearing a +2 robe of fire resistance.
Found 5 stones.
Found a stone staircase leading down.
Agnes shouts!
You feel better.
Casting: Summon Mana Viper (dangerous; 6% risk of failure)
Confirm with . or Enter, or press ? or * to list all spells.
Okay, then.
Casting: Summon Mana Viper (dangerous; 6% risk of failure)
Confirm with . or Enter, or press ? or * to list all spells.
A mana viper appears with a sibilant hiss.
You block Agnes's attack. Agnes hits you with a +0 lajatang!
* * * LOW HITPOINT WARNING * * *
You feel better. Agnes hits you with a +0 lajatang!
* * * LOW HITPOINT WARNING * * *
Agnes hits you but does no damage.
You hit Agnes but do no damage. Agnes hits you but does no damage.
Your mana viper bites Agnes!
Agnes says, "You will find the Path of Peace easy to follow, in death."
Agnes misses you.
Your mana viper completely misses Agnes.
You completely miss Agnes.
Agnes is lightly wounded.
Agnes hits you with a +0 lajatang!
* * * LOW HITPOINT WARNING * * *
Agnes hits you with a +0 lajatang!
You die...

####.....#
.≈.##....#
..##...###
.##....#...**
###.........
.#..........*##*
............^#.####
#..^.#...........##
#..............i@##
#.........#....S.##
.................##
.................#
.................#
.†...........>....
..............(.##
.....#.......#.# *
..<......., * * *


You could see Agnes (ally target) and a friendly mana viper (summoned).

Vanquished Creatures
  Gastronok (Lair:2)
  Kirke (D:13)
  Roxanne (Spider:1)
  An ironbound preserver (D:13)
  Nessos (Lair:5)
  Snorg (Lair:4)
  A fire dragon (D:11)
  Erolcha (D:12)
  A vault guard (D:13)
  12 hydras
  2 boulder beetles
  Erica (D:10)
  2 ogre magi (Orc:2)
  6 centaur warriors
  11 two-headed ogres
  A tengu warrior (D:14)
  9 death yaks
  Sonja (Lair:1)
  Nergalle (Lair:2)
  An iron troll (Orc:2)
  A fire crab (Lair:5)
  A deep troll (Orc:2)
  An orb spider (Spider:1)
  3 orc knights
  Pikel (D:8)
  3 deep elf pyromancers
  A wolf spider (Lair:3)
  2 manticores
  7 ugly things
  7 cyclopes
  5 elephants
  A shining eye (shapeshifter) (D:15)
  3 black mambas
  2 torpor snails
  A smoke demon (D:11)
  3 gargoyles
  2 unseen horrors
  5 rime drakes
  11 cane toads
  2 kobold demonologists
  2 demonic crawlers (Spider:1)
  17 komodo dragons
  A tengu conjurer (D:14)
  A freezing wraith (D:14)
  2 efreet (D:15)
  7 polar bears
  18 trolls
  8 hornets
  14 slime creatures
  Prince Ribbit (D:8)
  3 tarantellas (Spider:1)
  16 blink frogs
  6 jumping spiders (Spider:1)
  A shadow (D:9)
  Sigmund (D:2)
  2 vampires
  14 spriggans (Lair:6)
  8 culicivoras (Spider:1)
  A spriggan (shapeshifter) (D:15)
  2 wraiths
  47 yaks
  3 wyverns
  A fire bat (D:11)
  2 fire elementals (D:11)
  12 redbacks
  2 basilisks
  Grum (D:8)
  6 vampire mosquitoes
  2 steam dragons
  2 acid dragons
  5 wargs (Orc:1)
  Duvessa (D:7)
  17 water moccasins
  4 ice beasts
  16 orc warriors
  3 sky beasts
  6 black bears
  23 ogres
  5 boggarts
  8 centaurs
  23 wolves
  A lemure (D:8)
  A kobold brigand (D:11)
  2 gnoll sergeants
  7 bullfrogs
  A necrophage (D:7)
  5 scorpions
  5 wights
  Dowan (D:7)
  9 killer bees (D:9)
  An iron imp (D:9)
  2 hounds
  5 jellies
  14 orc priests
  A gnoll shaman (D:5)
  Terence (D:3)
  6 iguanas
  28 orc wizards
  3 hell rats
  A boggart simulacrum (D:12)
  18 gnolls
  7 adders
  10 river rats
  2 white imps
  2 ufetubi (D:5)
  2 worms
  2 dart slugs
  83 orcs
  5 ball pythons
  6 bats
  4 endoplasms
  5 giant cockroaches
  7 goblins
  5 hobgoblins
  15 jackals
  A quokka (D:5)
  4 frilled lizards
  10 kobolds
  12 rats
726 creatures vanquished.

Vanquished Creatures (collateral kills)
  A death yak (D:8)
  A cyclops (D:13)
  A dream sheep (Lair:6)
  A wraith (D:13)
  A hog (shapeshifter) (D:13)
  A redback (Spider:1)
  A hog (D:13)
  An orc warrior (Orc:2)
  A wolf (Lair:6)
  A gnoll sergeant (D:13)
  A scorpion (Spider:1)
  An orc (Orc:2)
12 creatures vanquished.

Vanquished Creatures (others)
  A wizard (D:7)
  5 humans (D:13)
  15 fungi
  36 plants
57 creatures vanquished.

Grand Total: 795 creatures vanquished

Notes
Turn   | Place    | Note
-------+----------+-------------------------------------------
     0 | D:1      | garrulousMonolith the Gargoyle Earth Elementalist began the
                  | quest for the Orb.
     0 | D:1      | Reached XP level 1. HP: 10/10 MP: 3/3
     2 | D:1      | Noticed a merfolk
     4 | D:1      | Noticed an elf
     4 | D:1      | Noticed an ogre
     6 | D:1      | Noticed a spriggan
     8 | D:1      | Noticed a gargoyle
     8 | D:1      | Noticed a vine stalker
    10 | D:1      | Noticed a draconian
    12 | D:1      | Noticed a demonspawn
    12 | D:1      | Noticed a human
    14 | D:1      | Noticed a naga
    14 | D:1      | Noticed an octopode
    16 | D:1      | Noticed a tengu
    18 | D:1      | Noticed a vampire
    18 | D:1      | Noticed a ghoul
    20 | D:1      | Noticed a minotaur
    22 | D:1      | Noticed a formicid
    22 | D:1      | Noticed a dwarf
    24 | D:1      | Noticed a troll
    24 | D:1      | Noticed a demigod
    26 | D:1      | Noticed a felid
   307 | D:1      | Reached skill level 1 in Transmutations
   307 | D:1      | Reached XP level 2. HP: 11/15 MP: 1/5
   969 | D:1      | Reached XP level 3. HP: 20/20 MP: 4/6
   973 | D:1      | Learned a level 3 spell: Stone Arrow
   976 | D:1      | Learned a level 2 spell: Passwall
  1014 | D:1      | Found a faded altar of an unknown god.
  1193 | D:2      | Noticed Sigmund
  1245 | D:2      | Killed Sigmund
  1246 | D:2      | Reached skill level 1 in Fighting
  1246 | D:2      | Reached skill level 1 in Armour
  1246 | D:2      | Reached XP level 4. HP: 26/26 MP: 2/8
  1246 | D:2      | Reached XP level 5. HP: 30/30 MP: 2/9
  2112 | D:3      | Found a glowing drain.
  2122 | Sewer    | Entered a sewer
  2131 | Sewer    | Reached skill level 5 in Earth Magic
  2361 | Sewer    | Reached XP level 6. HP: 11/35 MP: 5/10
  2991 | D:3      | Found a broken altar of Ashenzari.
  3044 | D:3      | Became a worshipper of Ashenzari the Shackled
  3089 | D:3      | Noticed Terence
  3099 | D:3      | Killed Terence
  3562 | D:4      | Found an iron altar of Okawaru.
  3563 | D:4      | Found an opulent altar of Gozag.
  3844 | D:4      | Noticed a black bear
  3849 | D:4      | Killed a black bear
  3937 | D:4      | Reached XP level 7. HP: 13/40 MP: 5/11
  4543 | D:4      | Learned a level 5 spell: Lee's Rapid Deconstruction
  4675 | D:4      | Found an ancient bone altar of Kikubaaqudgha.
  4828 | D:5      | Entered Level 5 of the Dungeon
  4830 | D:5      | Found Likh's Armour Shop.
  4833 | D:5      | Bought a +1 robe of cold resistance for 177 gold pieces
  5070 | D:5      | Found Sigall's Distillery.
  5086 | D:5      | Found a glowing silver altar of Zin.
  5271 | D:5      | Reached XP level 8. HP: 28/46 MP: 6/13
  5404 | D:5      | Found a glowing golden altar of the Shining One.
  5473 | D:5      | Found Torockaos's Armour Shop.
  5799 | D:5      | Found Bot Xeod's Jewellery Shop.
  6619 | D:6      | Reached skill level 5 in Conjurations
  7103 | D:6      | Identified the +1 leather armour "Quiqiupp" {Stlth+}
  7132 | D:6      | Found a blossoming altar of Fedhas.
  7334 | D:6      | Identified a scroll of acquirement
  7335 | D:6      | Acquired 997 gold pieces
  7398 | D:5      | Bought a ring of wizardry for 360 gold pieces
  7455 | D:7      | Noticed Duvessa
  7457 | D:7      | Noticed Dowan
  7460 | D:7      | Killed Duvessa
  7481 | D:7      | Killed Dowan
  7482 | D:7      | Reached XP level 9. HP: 16/52 MP: 12/15
  7590 | D:7      | Noticed a hornet
  7605 | D:7      | Found a flagged portal.
  7617 | Bailey   | Entered a bailey
  7989 | Bailey   | Noticed an orc knight
  8002 | Bailey   | Killed an orc knight
  8058 | Bailey   | Noticed an orc knight
  8067 | Bailey   | Killed an orc knight
  8068 | Bailey   | Reached skill level 5 in Armour
  8079 | Bailey   | Reached skill level 5 in Fighting
  8221 | D:7      | Reached XP level 10. HP: 59/59 MP: 17/17
  8518 | D:7      | Reached skill level 5 in Spellcasting
  8616 | D:7      | Found a staircase to the Ecumenical Temple.
  8955 | D:7      | Found a bloodstained altar of Trog.
  8956 | D:7      | Noticed a wizard
  8961 | D:7      | Killed a wizard
  9143 | D:8      | Noticed Pikel
  9151 | D:8      | Killed Pikel
  9337 | D:8      | Found a sparkling altar of Nemelex Xobeh.
  9357 | D:8      | Noticed Prince Ribbit
  9362 | D:8      | Killed Prince Ribbit
  9487 | D:8      | Reached skill level 10 in Earth Magic
  9501 | D:8      | Noticed Grum
  9509 | D:8      | Killed Grum
  9967 | D:9      | Noticed a death yak
  9993 | D:8      | Killed a death yak
  9994 | D:8      | Reached skill level 5 in Dodging
  9994 | D:8      | Reached XP level 11. HP: 39/64 MP: 19/19
 10123 | D:9      | Noticed a death yak
 10252 | D:8      | Killed a death yak
 10506 | D:9      | Noticed a death yak
 10516 | D:8      | Killed a death yak
 10522 | D:8      | Learned a level 4 spell: Petrify
 10889 | D:9      | Found a staircase to the Lair.
 11306 | D:9      | Identified the +5 war axe "Sisyn" {venom, rElec Str+6}
 11703 | D:9      | Found an ornate altar of the Wu Jian Council.
 11792 | D:9      | Found a snail-covered altar of Cheibriados.
 11952 | D:10     | Entered Level 10 of the Dungeon
 12088 | D:10     | Noticed Erica
 12091 | D:10     | Killed Erica
 12107 | D:10     | Reached skill level 10 in Conjurations
 12121 | D:10     | Found a hide-covered altar of Uskayaw.
 13176 | D:11     | Noticed a fire dragon
 13184 | D:11     | Reached XP level 12. HP: 42/73 MP: 22/22
 13188 | D:11     | Killed a fire dragon
 13507 | D:11     | Noticed a two-headed ogre
 13515 | D:11     | Killed a two-headed ogre
 13682 | D:11     | Got the +7 demon whip of Disintegration {flame, Int+2}
 14159 | Lair:1   | Entered Level 1 of the Lair of Beasts
 14210 | Lair:1   | Noticed Sonja
 14217 | Lair:1   | Killed Sonja
 14266 | Lair:1   | Reached * piety under Ashenzari
 14483 | Lair:1   | Noticed an eight-headed hydra
 14490 | Lair:1   | Killed an eight-headed hydra
 15122 | Lair:1   | Acquired an amulet of reflection
 15161 | Lair:2   | Noticed Nergalle
 15279 | Lair:2   | Found a staircase to the Swamp.
 15279 | Lair:2   | Noticed Gastronok
 15301 | Lair:2   | Killed Gastronok
 15827 | Lair:2   | Noticed a four-headed hydra
 16063 | Lair:2   | Killed a four-headed hydra
 16064 | Lair:2   | Reached XP level 13. HP: 76/82 MP: 10/26
 16113 | Lair:2   | Killed Nergalle
 16950 | Lair:2   | Reached ** piety under Ashenzari
 17518 | Lair:3   | Learned a level 4 spell: Hailstorm
 18007 | Lair:3   | Found a hole to the Spider Nest.
 18013 | Lair:3   | Reached skill level 1 in Ice Magic
 18015 | Lair:3   | Reached skill level 10 in Armour
 18500 | Lair:3   | Reached skill level 10 in Fighting
 19707 | Lair:4   | Noticed Snorg
 19711 | Lair:4   | Killed Snorg
 20213 | Lair:4   | Learned a level 5 spell: Freezing Cloud
 20783 | Lair:4   | Learned a level 4 spell: Flame Wave
 21912 | Lair:5   | Reached *** piety under Ashenzari
 21928 | Lair:5   | Reached skill level 5 in Ice Magic
 21928 | Lair:5   | Gained mutation: Your large and strong wings let you fly.
                  | [Gargoyle growth]
 21928 | Lair:5   | Reached XP level 14. HP: 94/94 MP: 16/29
 22750 | Lair:6   | Entered Level 6 of the Lair of Beasts
 22750 | Lair:6   | Noticed Nessos
 22872 | Lair:5   | Learned a level 5 spell: Summon Mana Viper
 23544 | Lair:5   | HP: 4/94 [Nessos/arrow (8)]
 23557 | Lair:5   | Killed Nessos
 24284 | Lair:6   | Found a staircase to the Slime Pits.
 25229 | Lair:6   | Reached skill level 10 in Spellcasting
 25508 | Lair:6   | Acquired 872 gold pieces
 26212 | Lair:6   | Identified the +5 arbalest of Lust {flame, rElec rPois rC-
                  | SInv}
 26905 | D:12     | Noticed Erolcha
 26909 | D:12     | Killed Erolcha
 26910 | D:12     | Reached XP level 15. HP: 100/100 MP: 18/31
 26995 | D:12     | Found a staircase to the Orcish Mines.
 27027 | D:12     | Found Axycuq's Antique Armour Shoppe.
 27712 | D:13     | Reached skill level 1 in Hexes
 27712 | D:13     | Reached skill level 1 in Summonings
 27852 | D:13     | Learned a level 4 spell: Summon Lightning Spire
 28049 | D:13     | Identified the +7 war axe of Qachestre {venom, Str+2}
 28263 | D:13     | Found Guffulam's Weapon Shop.
 28506 | D:13     | Noticed Kirke
 28514 | D:13     | Killed Kirke
 29056 | D:13     | Found a gate to the Vaults.
 29455 | D:13     | Found a portal to a secret trove of treasure.
 29840 | D:13     | Reached **** piety under Ashenzari
 29859 | Orc:1    | Entered Level 1 of the Orcish Mines
 30157 | Orc:1    | Found Gamm's Antique Armour Shoppe.
 30356 | Orc:1    | Bought a shimmering leather armour for 168 gold pieces
 30356 | Orc:1    | Identified the +1 leather armour "Ushy" {rPois rF+ Stlth+}
                  | (You bought it in a shop on level 1 of the Orcish Mines)
 30356 | Orc:1    | Bought a buzzing leather armour for 168 gold pieces
 30356 | Orc:1    | Identified the +0 leather armour "Muotiu" {rC- Dex+5} (You
                  | bought it in a shop on level 1 of the Orcish Mines)
 30982 | Orc:2    | Entered Level 2 of the Orcish Mines
 31572 | Orc:2    | Found Toih's Antique Weapon Boutique.
 32450 | Orc:2    | Found Yqofai's Antique Weapon Shoppe.
 32569 | Orc:2    | Found Tel Xig's Armour Shoppe.
 32644 | Orc:2    | Reached skill level 10 in Dodging
 32748 | Orc:2    | Found Diskugg's Armour Emporium.
 32767 | Orc:2    | Bought a +3 ring mail of fire resistance for 286 gold
                  | pieces
 32807 | Orc:2    | Found a staircase to the Elven Halls.
 32952 | Orc:2    | Reached skill level 5 in Summonings
 33353 | Orc:2    | Bought the +7 lajatang of Order {silver, rMut} for 1502
                  | gold pieces
 33353 | Orc:2    | Found the +7 lajatang of Order {silver, rMut}
 33794 | D:14     | Reached skill level 1 in Staves
 34291 | D:14     | Reached XP level 16. HP: 103/109 MP: 5/34
 35120 | D:15     | Entered Level 15 of the Dungeon
 36169 | D:15     | Identified the +6 demon trident of Accord {flame, rF- rCorr
                  | Int+2}
 36254 | D:15     | Found a staircase to the Depths.
 36644 | Spider:1 | Entered Level 1 of the Spider Nest
 37520 | Spider:1 | Noticed Roxanne
 37524 | Spider:1 | Reached skill level 1 in Shields
 37524 | Spider:1 | Killed Roxanne
 37930 | Spider:1 | Noticed Mlioglotl
 38426 | Spider:1 | Noticed Agnes
 38431 | Spider:1 | HP: 1/112 [Agnes/+0 lajatang (10)]
 38431 | Spider:1 | Mangled by Agnes

Illustrated notes

Levels and vault maps discovered:
D:1:      kb_arrival_jail, layout_basic, chequers_ecumenical_altar_twisty
D:2:      layout_loops_cross, uniq_sigmund
D:3:      layout_basic, lemuel_round_altar, portal_sewer_entry_a,
          saegor_snake_ambush, uniq_terence
D:4:      layout_gridville, gammafunk_temple_overflow_claw
D:5:      cheibrodos_helix_gallery, layout_loops_ring,
          mainiacjoe_overflow_small_starburst, lemuel_coloured_pillars_altar,
          serial_shops, shop, kennysheep_mini, shop,
          nicolae_shop_competitors_out_of_business,
          hangedman_abyss_or_decor_passed, grunt_ministairs_3
D:6:      layout_rooms, fedhas_ov_isle_minmay, serial_rivers,
          chequers_serial_rivers_small_a, chequers_serial_rivers_room_a,
          chequers_serial_rivers_micro_c, chequers_serial_rivers_room_b,
          chequers_serial_rivers_room_b, chequers_serial_rivers_room_b
D:7:      layout_gridville, trog_wizard, minmay_temple_entry_nine_rooms,
          enter_bailey_3, amcnicky_mini_pool_small, bh_walls_and_bars,
          uniq_duvessa
D:8:      layout_basic, nemelex_xobeh_ov_fountains_minmay, serial_park_tiny_1,
          uniq_grum, uniq_prince_ribbit1, uniq_pikel
D:9:      layout_loops_cross, slow_altar_2, pdpol_wu_jian_five_deadly_venoms,
          dpeg_lair_monsters
D:10:     layout_long_grid, mainiacjoe_overflow_six_doors_small, uniq_erica
D:11:     minmay_firetagon, layout_loops_ring, chequers_serial_rivers_small_3,
          minivault_22
D:12:     layout_roguey, orc_0_dummy, serial_shops, nicolae_shop_trees,
          corner_web_ring, kennysheep_boxes, uniq_erolcha
D:13:     layout_loops_corners, skrybe_vaults_entry_preservation, enter_trove_5,
          serial_shops, nicolae_shop_bloodbath_and_beyond, uniq_kirke
D:14:     layout_loops_corners
D:15:     hangedman_depths_entry_try_elsewhere_first, layout_gridville,
          minmay_misc_feat_x
Lair:1:   layout_chaotic_city, kennysheep_rathole, infiniplex_staircase_pool_2,
          uniq_sonja
Lair:2:   layout_hall_layers, swamp_mist_pool, beast_lair_carwin_6,
          uniq_gastronok, uniq_nergalle
Lair:3:   layout_chaotic_city, spider_nest_entry_funnel_web, st_stairs_11,
          serial_bayou_shore_b
Lair:4:   layout_regular_city, beast_lair_carwin_11, uniq_snorg
Lair:5:   layout_regular_city, serial_bayou_shore_a
Lair:6:   minmay_lair_end_enchanted_forest, layout_hall_layers,
          minmay_slime_entry_pillars, lemuel_fruit_tree, uniq_nessos
Spider:1: hangedman_creepy_crawlies, uniq_mlioglotl, uniq_agnes, uniq_roxanne
Orc:1:    cheibrodos_orc_guarddog, layout_caves, serial_shops,
          nicolae_shop_trees
Orc:2:    st_orc_open, layout_diamond_mine, special_room, rock_pile

Skill      XL: |  1  2  3  4  5  6  7  8  9 10 11 12 13 14 15 16 |
---------------+-------------------------------------------------+-----
Transmutations | 1 |  1.0
Earth Magic    | 4 5 6 7 9 10 12 | 12.0
Fighting       | 1 2 3 4 5 6 7 9 10 11 12 13 | 13.1
Armour         | 1 2 3 4 5 6 7 9 10 12 13 | 13.2
Dodging        | 2 3 4 5 7 8 9 10 | 10.4
Conjurations   | 2 3 4 5 7 9 10 | 10.0
Spellcasting   | 3 4 5 6 8 9 10 11 | 11.4
Ice Magic      | 5 6 |  6.7
Hexes          | 3 |  3.2
Summonings     | 5 |  5.0
Staves         | 2 4 |  4.8
Shields        | 1 |  1.6
Stealth        | |  2.1

Action                   |  1- 3 |  4- 6 |  7- 9 | 10-12 | 13-15 | 16-18 || total
-------------------------+-------+-------+-------+-------+-------+-------++-------
Melee: Dagger            |    14 |     7 |    13 |    76 |     4 |       ||   114
       War axe           |       |       |       |    74 |   113 |    28 ||   215
       Demon whip        |       |       |       |     5 |    78 |    27 ||   110
       Punch             |       |       |       |     1 |     2 |     1 ||     4
       Lajatang          |       |       |       |       |    12 |    13 ||    25
 Cast: Sandblast         |    32 |    87 |    79 |    91 |    44 |    21 ||   354
       Stone Arrow       |       |       |    81 |   178 |   552 |    98 ||   909
       Lee's Rapid Decon |       |       |     5 |    26 |    22 |     7 ||    60
       Passwall          |       |       |     2 |       |     3 |       ||     5
       Flame Wave        |       |       |       |       |    11 |     2 ||    13
       Hailstorm         |       |       |       |       |     4 |       ||     4
       Freezing Cloud    |       |       |       |       |     9 |     5 ||    14
       Petrify           |       |       |       |       |     3 |     1 ||     4
       Summon Lightning  |       |       |       |       |     3 |     3 ||     6
       Summon Mana Viper |       |       |       |       |       |     3 ||     3
Invok: Curse Item        |       |       |       |     2 |     4 |     1 ||     7
Evoke: Wand              |       |       |       |     9 |     6 |     1 ||    16
  Use: Scroll            |       |     7 |    14 |     8 |     9 |     3 ||    41
       Potion            |       |       |     2 |     3 |    11 |     3 ||    19
 Stab: Petrified         |       |       |       |       |     6 |       ||     6
       Distracted        |       |       |       |       |     2 |     1 ||     3
       Sleeping          |       |       |       |       |     1 |       ||     1
Armor: Leather armour    |    13 |    46 |    12 |       |       |       ||    71
       Robe              |     1 |       |   102 |   181 |   272 |       ||   556
       Fire dragon scale |       |       |       |    96 |    90 |       ||   186
       Ring mail         |       |       |       |       |    19 |   140 ||   159
Dodge: Dodged            |    31 |    63 |   129 |   305 |   476 |   118 ||  1122
Block: Other             |       |       |       |    26 |   164 |    10 ||   200
       Reflection        |       |       |       |       |     7 |       ||     7
       Buckler           |       |       |       |       |       |    52 ||    52

Table legend: (Time is in decaauts)
 A = Elapsed time spent in this place.
 B = Non-inter-level travel time spent in this place.
 C = Inter-level travel time spent in this place.
 D = Time resting spent in this place.
 E = Time spent auto-exploring this place.
 F = Levels seen in this place.
 G = Mean time per level.
                   A        B        C        D        E       F      G
               +--------+--------+--------+--------+--------+-----+--------+
         Total |  38973 |  37791 |   1182 |  11974 |  20641 |  26 | 1499.0 |
       Dungeon |  19843 |  19138 |    705 |   5113 |  11413 |  15 | 1322.9 |
          Lair |  13163 |  12837 |    326 |   4858 |   6522 |   6 | 2193.8 |
   Spider Nest |   1291 |   1179 |    112 |    302 |    598 |   1 | 1291.0 |
  Orcish Mines |   3538 |   3501 |     37 |    912 |   2002 |   2 | 1769.0 |
         Sewer |    527 |    527 |      0 |    404 |     46 |   1 |  527.0 |
        Bailey |    607 |    607 |      0 |    385 |     58 |   1 |  607.0 |
               +--------+--------+--------+--------+--------+-----+--------+

Top non-repeatable levels by time:
  Lair:5: 3005 daAuts
  Lair:3: 2723 daAuts
  Lair:6: 2680 daAuts
    D:13: 2179 daAuts
   Orc:2: 2176 daAuts
  Lair:1: 1784 daAuts
    D:14: 1769 daAuts
     D:5: 1710 daAuts
  Lair:4: 1663 daAuts
     D:8: 1585 daAuts
    D:11: 1546 daAuts
     D:4: 1464 daAuts
     D:9: 1365 daAuts
   Orc:1: 1362 daAuts
    D:15: 1341 daAuts
